 Dungeon Crawl Stone Soup version 0.19.0-18-g426998a (webtiles) character file.

57 poirepourri the Sneak (level 3, 0/16 HPs)
             Began as a Spriggan Enchanter on Nov 11, 2016.
             Slain by a hobgoblin
             ... wielding a +0 club
              (5 damage)
             ... on level 2 of the Dungeon.
             The game lasted 00:02:45 (1985 turns).

poirepourri the Sneak (Spriggan Enchanter)          Turns: 1985, Time: 00:02:46

Health: 0/16       AC:  3    Str:  4    XL:     3   Next: 73%
Magic:  1/8        EV: 19    Int: 16    God:
Gold:   50         SH:  0    Dex: 17    Spells: 3 memorised, 1 level left

rFire  . . .     SeeInvis +     a - +1 dagger
rCold  . . .     Gourm    .     b - +1 robe
rNeg   . . .     Faith    .     (shield restricted)
rPois  .         Spirit   .     (helmet restricted)
rElec  .         Reflect  .     (no cloak)
rCorr  .         Harm     .     (gloves unavailable)
MR     .....                    (boots unavailable)
Stlth  +++.......               (no amulet)
                                (no ring)
                                (no ring)

@: very quick
A: unfitting armour, see invisible, herbivore 3, speed 3, slow metabolism 2
a: no special abilities


You were on level 2 of the Dungeon.
You were not hungry.

You visited 1 branch of the dungeon, and saw 2 of its levels.

You collected 50 gold pieces.

Inventory:

Hand Weapons
 a - a +1 dagger (weapon)
Armour
 b - a +1 robe (worn)
Wands
 h - a wand of acid (4/15)
Scrolls
 e - a scroll of blinking {unknown}
 g - a scroll of magic mapping {unknown}
 i - a scroll of teleportation
Potions
 f - a potion of flight {unknown}
Books
 c - a book of Maledictions

   Spells                             Type                      Level
   a - Corona                         Hexes                        1
   b - Ensorcelled Hibernation        Hexes/Ice                    2
   c - Confuse                        Hexes                        3
   d - Tukima's Dance                 Hexes                        3
   e - Dazzling Spray                 Conjuration/Hexes            3
Comestibles
 d - 2 bread rations


   Skills:
 + Level 0.2 Fighting
 + Level 1.5 Short Blades
 + Level 3.4 Dodging
 + Level 6.0 Stealth
 + Level 2.6 Spellcasting
 + Level 4.1 Hexes
 + Level 0.2 Ice Magic


You had one spell level left.
You knew the following spells:

 Your Spells              Type           Power        Failure   Level  Hunger
a - Corona                Hex            ###....      4%          1    #......
b - Ensorcelled Hibernat  Hex/Ice        #.....       14%         2    ##.....
c - Confuse               Hex            ###.....     12%         3    ###....


Dungeon Overview and Level Annotations

Branches:
Dungeon (2/15)

Altars:


Innate Abilities, Weirdness & Mutations

You are very small and have problems with some larger weapons.
You are too small for most types of armour.
You have supernaturally acute eyesight. (SInv)
You are a herbivore.
You cover ground extremely quickly.
You need consume almost no food.


Message History

The hobgoblin misses you.
Casting: Ensorcelled Hibernation
Confirm with . or Enter, or press ? or * to list all spells.
You don't have enough magic to cast that spell.
Unknown command.
You barely miss the hobgoblin.
The hobgoblin is lightly wounded.
The hobgoblin hits you with a club.
You hit the hobgoblin but do no damage.
The hobgoblin is lightly wounded.
You hit the hobgoblin but do no damage.
The hobgoblin is lightly wounded.
The hobgoblin completely misses you.
You barely miss the hobgoblin.
The hobgoblin is lightly wounded.
The hobgoblin misses you.
You hit the hobgoblin.
The hobgoblin is moderately wounded.
The hobgoblin hits you with a club.
You die...

###### #....# #.##.# ###
#.##.##########
..################÷##.##.......#
#.#>.....÷.....@g......'.......+
#.#.##############.#..##.......#
##.#.............................
.......#.##########...###.......#
...#.....#........[.### #.......#
.###...#.......####.## #......l#
......####.###.#.....# #####....
####.......###.#.##### #....
.....<...........# #....


You could see a hobgoblin.

Vanquished Creatures
  A gnoll (D:1)
  2 dart slugs
  A leopard gecko (D:1)
  3 giant cockroaches
  8 goblins
  3 hobgoblins
  4 jackals (D:1)
  4 bats
  2 frilled lizards (D:2)
  4 kobolds
  6 rats
38 creatures vanquished.

Notes
Turn   | Place    | Note
-------+----------+-------------------------------------------
     0 | D:1      | poirepourri the Spriggan Enchanter began the quest for the Orb.
     0 | D:1      | Reached XP level 1. HP: 9/9 MP: 5/5
   565 | D:1      | Reached XP level 2. HP: 13/13 MP: 6/6
   744 | D:1      | Reached skill level 5 in Stealth
  1011 | D:1      | Reached XP level 3. HP: 5/16 MP: 8/8
  1343 | D:2      | Learned a level 2 spell: Ensorcelled Hibernation
  1548 | D:2      | Reached skill level 6 in Stealth
  1965 | D:2      | Learned a level 3 spell: Confuse
  1985 | D:2      | Slain by a hobgoblin

Skill      XL: |  1  2  3 |
---------------+----------+-----
Stealth        | 5 6 |  6.0
Hexes          | 4 |  4.1
Fighting       | |  0.2
Short Blades   | |  1.5
Dodging        | |  3.4
Spellcasting   | |  2.6
Ice Magic      | |  0.2

Action                   || total
-------------------------++-------
Melee: Dagger            ||   161
 Cast: Ensorcelled Hiber ||    14
  Use: Scroll            ||     4
       Potion            ||     2
 Stab: Sleeping          ||    18
       Invisible         ||     3
       Distracted        ||     2
Armor: Robe              ||    33
Dodge: Dodged            ||   189
